 Dungeon Crawl Stone Soup version 0.20-a0-672-gd6c3c51 (webtiles) character file.

537 FrankyJ the Magician (level 7, -3/41 HPs)
             Began as an Octopode Wizard on Feb 17, 2017.
             Slain by Prince Ribbit (16 damage)
             ... on level 5 of the Dungeon.
             The game lasted 00:25:31 (6403 turns).

FrankyJ the Magician (Octopode Wizard)              Turns: 6403, Time: 00:25:32

Health: -3/41      AC:  4    Str:  8    XL:     7   Next: 25%
Magic:  10/14      EV: 13    Int: 21    God:
Gold:   225        SH:  0    Dex: 13    Spells: 8/16 levels left

rFire    . . .     SeeInvis .   e - +1 dagger (venom)
rCold    . . .     Gourm    +   (no shield)
rNeg     . . .     Faith    .   a - +0 hat
rPois    .         Spirit   .   y - amulet of the gourmand
rElec    .         Reflect  .   f - +3 ring of dexterity
rCorr    .         Harm     .   g - +3 ring of protection
MR       .....                  (no ring)
Stlth    +++.......             (no ring)
Regen    0.2/turn               (no ring)
MPRegen  0.2/turn               (no ring)
                                (no ring)
                                (no ring)

@: no status effects
A: almost no armour, stealthy swim, amphibious, 8 rings, constrict 8, camouflage
1, gelatinous body 1
a: no special abilities


You were on level 5 of the Dungeon.
You were not hungry.

You visited 1 branch of the dungeon, and saw 5 of its levels.
You also visited: Sewer.

You collected 225 gold pieces.

Inventory:

Hand Weapons
 e - a +1 dagger of venom (weapon)
 h - a cursed +0 mace
 A - a cursed -1 dagger
Missiles
 m - 10 tomahawks (quivered)
 w - 2 tomahawks of dispersal
Armour
 a - a +0 hat (worn)
Jewellery
 f - a +3 ring of dexterity (left tentacle)
 g - a +3 ring of protection (right tentacle)
 y - an amulet of the gourmand (around mantle)
Wands
 n - a wand of polymorph (5/24)
Scrolls
 k - 2 scrolls of teleportation {unknown}
 q - a scroll of amnesia {unknown}
 t - 2 scrolls of enchant armour {unknown}
 x - a scroll of blinking {unknown}
Potions
 d - 4 potions of curing
 l - a potion of cancellation {unknown}
 o - a potion of haste {unknown}
 p - 2 potions of might
 u - 3 potions of flight
 v - 2 potions of heal wounds {unknown}
Books
 b - a book of Minor Magic

   Spells                             Type                      Level
   a - Magic Dart                     Conjuration                  1
   b - Blink                          Translocation                2
   c - Call Imp                       Summoning                    2
   d - Slow                           Hexes                        2
   e - Conjure Flame                  Conjuration/Fire             3
   f - Mephitic Cloud                 Conjuration/Poison/Air       3
Comestibles
 c - 2 bread rations
 i - a meat ration
 s - 4 fruits


   Skills:
 - Level 2.0 Dodging
 - Level 3.1 Stealth
 + Level 5.2 Spellcasting
 - Level 3.3 Conjurations
 + Level 1.4 Summonings
 + Level 1.3 Translocations
 - Level 2.6 Air Magic
 - Level 3.3 Poison Magic


You had 8 spell levels left.
You knew the following spells:

 Your Spells              Type           Power        Failure   Level  Hunger
a - Magic Dart            Conj           ###.         2%          1    None
b - Call Imp              Summ           ##......     12%         2    None
c - Blink                 Tloc           N/A          12%         2    None
d - Mephitic Cloud        Conj/Pois/Air  ###.....     12%         3    ##.....


Dungeon Overview and Level Annotations

Branches:
Dungeon (5/15)
 Temple: D:4-7

Altars:
Gozag
Yredelemnul

Shops:
D:4 (

Annotations:
D:5 Prince Ribbit


Innate Abilities, Weirdness & Mutations

You cannot wear most types of armour.
You are very stealthy in the water. (Stealth+)
You are amphibious.
You can wear up to eight rings at the same time.
You can use your tentacles to constrict eight enemies at once.
Your skin changes colour to match your surroundings (Stealth+).
Your rubbery body absorbs attacks. (AC +1, EV +1)


Message History

Casting: Magic Dart
Confirm with . or Enter, or press ? or * to list all spells.
A beastly little devil appears in a puff of flame.
You miss Prince Ribbit. You grab Prince Ribbit. You constrict Prince Ribbit.
Prince Ribbit closely misses you.
You hit Prince Ribbit.
Prince Ribbit is poisoned.
Prince Ribbit is lightly wounded.
You constrict Prince Ribbit. Prince Ribbit closely misses you.
Your crimson imp hits Prince Ribbit.
Casting: Call Imp
Confirm with . or Enter, or press ? or * to list all spells.
A beastly little devil appears in a puff of flame.
You constrict Prince Ribbit. Prince Ribbit closely misses you.
Prince Ribbit hits you!
Your crimson imp hits Prince Ribbit.
You hit Prince Ribbit. Your squeeze misses Prince Ribbit.
Prince Ribbit is moderately wounded.
You constrict Prince Ribbit. Prince Ribbit hits you!!
Your crimson imp hits Prince Ribbit.
You release your grip on Prince Ribbit.
Prince Ribbit hits you!
You die...

.# ######.#.#
......#.#
..>#.#.###
........
#.#####.##..#
........#...#
..#...5@#...#
#...5F....#
...#.##.#.#.#
##......#.#.#
###.####.#.#
.. #.#.# ##
#.#.# #.#.#
#.#.#


You could see Prince Ribbit and 2 friendly crimson imps.

Vanquished Creatures
  An ogre (D:4)
  A big kobold (Sewer)
  A bullfrog skeleton (D:3)
  An iguana (D:4)
  An orc wizard (D:4)
  A worker ant (D:4)
  A hound skeleton (D:4)
  4 adders
  2 river rats (Sewer)
  3 oozes (D:1)
  3 worms
  5 leopard geckos
  4 orcs
  3 ball pythons
  6 giant cockroaches
  8 goblins
  7 hobgoblins
  6 jackals
  7 kobolds
  2 quokkas
  6 bats
  5 frilled lizards
  12 rats
  A plant (D:4)
91 creatures vanquished.

Vanquished Creatures (collateral kills)
  A quasit (D:3)
  2 hounds
  An orc wizard (D:3)
  A centaur skeleton (D:4)
  An orc priest (D:3)
  A river rat (D:4)
  6 adders
  A dart slug (D:1)
  A leopard gecko (D:3)
  7 orcs
  A giant cockroach (D:4)
  3 goblins (D:1)
  3 jackals
  A kobold (Sewer)
  A quokka (D:3)
  A bat (D:2)
  A frilled lizard (D:1)
  A leopard gecko skeleton (D:4)
  3 rats
37 creatures vanquished.

Grand Total: 128 creatures vanquished

Notes
Turn   | Place    | Note
-------+----------+-------------------------------------------
     0 | D:1      | FrankyJ the Octopode Wizard began the quest for the Orb.
     0 | D:1      | Reached XP level 1. HP: 11/11 MP: 4/4
   438 | D:1      | Reached XP level 2. HP: 17/17 MP: 1/6
   738 | D:1      | Learned a level 2 spell: Call Imp
   913 | D:1      | Reached XP level 3. HP: 21/21 MP: 2/7
   917 | D:1      | Learned a level 2 spell: Blink
  1959 | D:2      | Reached XP level 4. HP: 20/27 MP: 9/9
  2570 | D:2      | Found a basalt altar of Yredelemnul.
  3208 | D:3      | Reached skill level 4 in Spellcasting
  3222 | D:3      | Reached XP level 5. HP: 24/31 MP: 6/11
  3834 | D:3      | Learned a level 3 spell: Mephitic Cloud
  4103 | D:3      | Reached skill level 5 in Spellcasting
  4264 | D:4      | Found an opulent altar of Gozag.
  4264 | D:4      | Found a glowing drain.
  4269 | D:4      | Reached XP level 6. HP: 36/36 MP: 11/13
  4287 | D:4      | Found Punlaluz's Antique Weapon Shop.
  4301 | Sewer    | Entered a sewer
  4329 | Sewer    | Reached skill level 1 in Air Magic
  4417 | Sewer    | Reached skill level 1 in Poison Magic
  4443 | Sewer    | Found a white marble altar of Elyvilon.
  5282 | D:4      | Reached XP level 7. HP: 41/41 MP: 14/14
  6167 | D:5      | Entered Level 5 of the Dungeon
  6172 | D:5      | Noticed Prince Ribbit
  6403 | D:5      | Slain by Prince Ribbit

Vault maps used:
D:1:      dpeg_arrival_morbid_curiosity, supply_closet_lemuel
D:2:      yredelemnul_altar_generic
D:4:      wad_woods_pond, nicolae_gozag_cash_rules_everything_around_me,
          first_bread, portal_sewer_entry_b, serial_shops, shop
D:5:      gammafunk_temple_overflow_claw, guppyfry_shop_venom,
          uniq_prince_ribbit1
Sewer:    sewer_kobolds

Skill      XL: |  1  2  3  4  5  6 |
---------------+-------------------+-----
Stealth        | 3 |  3.1
Conjurations   | 2 3 |  3.3
Spellcasting   | 4 5 |  5.2
Air Magic      | 2 |  2.6
Poison Magic   | 3 |  3.3
Dodging        | |  2.0
Summonings     | |  1.4
Translocations | |  1.3

Action                   |  1- 3 |  4- 6 |  7- 9 || total
-------------------------+-------+-------+-------++-------
Melee: Short sword       |    11 |       |       ||    11
       Constrict         |    13 |    24 |     5 ||    42
       Tentacles         |     7 |     9 |     9 ||    25
       Dagger            |    44 |    95 |    28 ||   167
 Cast: Magic Dart        |    28 |    56 |     9 ||    93
       Call Imp          |     6 |    36 |    11 ||    53
  Use: Scroll            |       |       |     4 ||     4
 Stab: Sleeping          |     8 |     4 |       ||    12
       Distracted        |       |     1 |       ||     1
  Eat: Chunk             |     3 |    11 |     9 ||    23
Armor: Skin              |     5 |     4 |     5 ||    14
Dodge: Dodged            |    43 |    68 |    23 ||   134
